 Dungeon Crawl Stone Soup version 0.20.1-1-g8b1a95d (webtiles) character file.

32617 McKennaii the Destroyer (level 13, 0/142 HPs)
             Began as a Grey Draconian Conjurer on July 30, 2017.
             Was an Elder of Sif Muna.
             Succumbed to Nessos's poison
             ... on level 12 of the Dungeon.
             The game lasted 00:48:26 (19843 turns).

McKennaii the Destroyer (Grey Draconian Conjurer)  Turns: 19843, Time: 00:48:26

Health: 0/142      AC: 14    Str: 15    XL:     13   Next: 32%
Magic:  28/38      EV: 16    Int: 27    God:    Sif Muna [****..]
Gold:   455        SH:  0    Dex: 13    Spells: 32/37 levels left

rFire    + . .     SeeInvis .   C - staff of cold
rCold    + + .     Gourm    .   (no shield)
rNeg     . . .     Faith    .   (armour unavailable)
rPois    .         Spirit   .   (helmet restricted)
rElec    .         Reflect  .   M - scarf {rC+ rF+}
rCorr    .         Harm     .   (no gloves)
MR       .....                  A - +0 pair of boots
Stlth    ..........             (no amulet)
Regen    0.4/turn               c - ring of magical power
MPRegen  0.3/turn               g - +2 ring of intelligence

@: brilliant, berserking, lethally poisoned (0 -> -29), very slightly
contaminated, invisible, very quick
A: walk through water, unfitting armour, unbreathing, cold-blooded, AC +13
a: Divine Energy, Channel Magic, Forget Spell, Renounce Religion


You were on level 12 of the Dungeon.
You worshipped Sif Muna.
Sif Muna was greatly pleased with you.
You were not hungry.

You visited 3 branches of the dungeon, and saw 15 of its levels.
You also visited: Sewer.

You collected 839 gold pieces.
You spent 384 gold pieces at shops.

Inventory:

Armour
 A - a +0 pair of boots (worn)
 M - a scarf of resistance (worn)
Magical Staves
 s - an uncursed staff of air
 C - an uncursed staff of cold (weapon)
 P - an uncursed staff of summoning
Jewellery
 c - a ring of magical power (left hand)
 g - a +2 ring of intelligence (right hand)
 p - an uncursed ring of protection from cold
 x - an uncursed ring of flight
 G - an uncursed ring of see invisible
Wands
 j - a wand of flame (30/48)
 o - a wand of random effects (15/48)
 y - a wand of flame (20/48)
 E - a wand of iceblast (4/15)
 H - a wand of scattershot (3/9)
Scrolls
 d - 2 scrolls of identify
 e - 6 scrolls of teleportation
 i - a scroll of remove curse
 u - a scroll of brand weapon {unknown}
 v - 4 scrolls of enchant weapon
 w - 3 scrolls of enchant armour
 F - 2 scrolls of recharging {unknown}
 L - 4 scrolls of fog {unknown}
 N - 3 scrolls of blinking {unknown}
Potions
 h - a potion of flight
 m - 2 potions of mutation
 q - a potion of cancellation
 t - 5 potions of haste
 z - 2 potions of might
Books
 a - a book of Conjurations

   Spells                             Type                      Level
   a - Magic Dart                     Conjuration                  1
   b - Searing Ray                    Conjuration                  2
   c - Dazzling Spray                 Conjuration/Hexes            3
   d - Fulminant Prism                Conjuration/Hexes            4
   e - Force Lance                    Conjuration/Translocation    4
   f - Iskenderun's Mystic Blast      Conjuration                  4
 O - Sif Muna's Compendium of the Oath
   (You found it on level 9 of the Dungeon)

   Spells                             Type                      Level
   a - Corona                         Hexes                        1
Comestibles
 b - 8 bread rations
 k - 14 fruits
 n - 7 royal jellies
 r - 8 meat rations
 D - 7 chunks of flesh


   Skills:
 + Level 3.4 Fighting
 + Level 3.0 Staves
 + Level 6.8 Dodging
 + Level 4.4 Stealth
 + Level 12.5 Spellcasting
 * Level 14.0 Conjurations
   Level 5.0 Earth Magic
 + Level 6.1 Invocations
 + Level 0.2 Evocations


You had 32 spell levels left.
You knew the following spells:

 Your Spells              Type           Power        Failure   Level  Hunger
a - Magic Dart            Conj           ####         0%          1    None
b - Iskenderun's Mystic   Conj           #######.     1%          4    None


Dungeon Overview and Level Annotations

Branches:
Dungeon (12/15)            Temple (1/1) D:5            Lair (0/6) D:8
    Orc (2/2) D:11
    Elf: Orc:2

Altars:
Ashenzari
Cheibriados
Dithmenos
Elyvilon
Fedhas
Gozag
Hepliaklqana
Kikubaaqudgha
Makhleb
Nemelex Xobeh
Okawaru
Qazlal
Ru
Sif Muna
Trog
Uskayaw
Vehumet
Xom
Yredelemnul
Zin
The Shining One

Shops:
D:9 [   D:10 :

Annotations:
D:12 3 runed doors, Frances, Nessos


Innate Abilities, Weirdness & Mutations

You can walk through water.
Your dull iron-grey scales are very hard. (AC +13)
You cannot fit into any form of body armour.
You can survive without breathing.
You are cold-blooded and may be slowed by cold attacks.


Message History

Casting: Iskenderun's Mystic Blast
Confirm with . or Enter, or press ? or * to list all spells.
Aiming: Iskenderun's Mystic Blast
Press: ? - help, Shift-Dir - straight line, f/p - Nessos
Aim: Nessos, wielding a longbow of flaming and wearing a centaur barding (heavily wounded, fast)
Okay, then.
Okay, then.
Okay, then.
As you read the scroll of fear, it crumbles to dust.
You assume a fearsome visage.
Nessos looks frightened!
* * * LOW HITPOINT WARNING * * *
You feel very sick.
A red film seems to cover your vision as you go berserk!
You feel yourself moving faster!
You feel mighty!
* * * LOW HITPOINT WARNING * * *
You feel very sick.
You hit Nessos!
Your attack snaps Nessos out of his fear.
Nessos is severely wounded.
You die...

##.###.##..........
#.# #.##..........
#.# #.##..........
#(###...........#.
#.##............#.
#รท####..Y.......#.
#.# #.........##.
#c# #............
#@####....YY......
#(##.....c......#(
#())..##.#.######(
#####).z.#(..(..(.
#.#########.#. #.#
#.## #.#########D#
#.#......##.#
#.#......##Z#


You could see Nessos (fleeing).

Vanquished Creatures
  Snorg (D:12)
  Fannar (D:9)
  2 hydras
  The ghost of SirMumm the Destroyer, a journeyman GrWz of Okawaru (D:10)
  3 two-headed ogres
  3 skeletal warriors
  An unseen horror (D:12)
  An orc knight (D:11)
  2 deep elf magi
  2 cyclopes
  A manticore (D:11)
  Joseph (D:9)
  2 gargoyles
  Psyche (D:10)
  A kobold demonologist (D:11)
  5 trolls
  5 hippogriffs
  2 dream sheep (D:11)
  A wyvern (D:10)
  9 yaks
  2 wraiths
  A steam dragon (D:8)
  3 hungry ghosts
  4 vampire mosquitoes (D:11)
  5 wargs
  An acid dragon (D:11)
  15 orc warriors
  3 water moccasins
  The ghost of smzp the Ruffian, an amateur TrMo (D:4)
  An eye of draining (D:12)
  4 ice beasts
  2 black bears
  Purgy (Sewer)
  A sky beast (D:7)
  9 ogres
  3 phantoms
  3 wolves (D:7)
  8 centaurs
  3 big kobolds (D:11)
  2 crocodiles
  5 bullfrogs
  A wyvern zombie (D:12)
  Blork the orc (D:4)
  A water moccasin skeleton (D:5)
  6 scorpions
  4 killer bees
  8 wights
  A howler monkey (D:4)
  4 electric eels (D:8)
  2 centaur zombies
  6 crimson imps
  8 orc priests
  A jelly (D:5)
  2 bullfrog zombies
  3 bullfrog skeletons
  6 hounds
  2 centaur skeletons
  3 iguanas
  Terence (D:3)
  21 orc wizards
  9 worker ants
  3 hound zombies
  A hound skeleton (D:6)
  2 worker ant zombies
  9 adders
  2 shadow imps
  2 oozes
  An adder skeleton (D:9)
  5 worms
  4 dart slugs
  11 leopard geckos
  51 orcs
  7 giant cockroaches
  7 goblins
  4 hobgoblins
  12 jackals
  4 quokkas
  5 bats
  4 frilled lizards
  9 kobolds
  4 rats
  A fungus (D:2)
360 creatures vanquished.

Vanquished Creatures (others)
  An electric eel (D:8)
  A worm (D:4)
2 creatures vanquished.

Grand Total: 362 creatures vanquished

Notes
Turn   | Place    | Note
-------+----------+-------------------------------------------
     0 | D:1      | McKennaii the Draconian Conjurer began the quest for the Orb.
     0 | D:1      | Reached XP level 1. HP: 14/14 MP: 3/3
   320 | D:1      | Reached XP level 2. HP: 20/20 MP: 5/5
   838 | D:2      | Reached XP level 3. HP: 24/26 MP: 0/6
   961 | D:2      | Found a hide-covered altar of Uskayaw.
  1018 | D:2      | Reached skill level 5 in Conjurations
  1396 | D:2      | Reached XP level 4. HP: 33/33 MP: 7/7
  1781 | D:3      | Noticed Terence
  1798 | D:2      | Learned a level 4 spell: Iskenderun's Mystic Blast
  1909 | D:3      | Found a bloodstained altar of Trog.
  2360 | D:3      | Killed Terence
  2360 | D:3      | Reached XP level 5. HP: 38/38 MP: 3/9
  2532 | D:4      | Noticed a phantom
  2803 | D:4      | Noticed Blork the orc
  2878 | D:3      | Killed a phantom
  2878 | D:3      | Reached XP level 6. HP: 19/45 MP: 0/11
  3109 | D:4      | Noticed smzp's ghost (amateur TrMo)
  3148 | D:4      | Killed smzp's ghost
  3148 | D:4      | Reached skill level 6 in Conjurations
  3152 | D:4      | Reached skill level 1 in Fighting
  3482 | D:4      | Found a radiant altar of Vehumet.
  3520 | D:4      | Killed Blork the orc
  3520 | D:4      | Reached skill level 1 in Staves
  3520 | D:4      | Your scales start taking on a dull iron-grey colour.
  3520 | D:4      | Reached XP level 7. HP: 35/52 MP: 0/13
  3520 | D:4      | Gained mutation: You can survive without breathing. [Grey Draconian growth]
  4002 | D:4      | Found a shattered altar of Ashenzari.
  4002 | D:4      | Found an opulent altar of Gozag.
  4160 | D:5      | Entered Level 5 of the Dungeon
  4510 | D:5      | Found a glowing drain.
  4524 | Sewer    | Entered a sewer
  4603 | Sewer    | Noticed Purgy
  4608 | Sewer    | Killed Purgy
  4608 | Sewer    | Reached skill level 5 in Spellcasting
  5131 | D:5      | Reached skill level 7 in Conjurations
  5131 | D:5      | Reached XP level 8. HP: 60/60 MP: 9/16
  5259 | D:5      | Found a snail-covered altar of Cheibriados.
  5373 | D:5      | Found a staircase to the Ecumenical Temple.
  5453 | Temple   | Entered the Ecumenical Temple
  6329 | D:6      | Found a shimmering altar of Xom.
  7188 | D:7      | Reached skill level 8 in Conjurations
  7515 | D:7      | Reached XP level 9. HP: 51/67 MP: 2/18
  8047 | D:8      | Noticed a two-headed ogre
  8139 | D:8      | Found a hazy altar of Hepliaklqana.
  8186 | D:8      | Found a stormy altar of Qazlal.
  8318 | D:8      | Reached skill level 9 in Conjurations
  8351 | D:8      | Noticed a troll
  8458 | D:8      | Found a staircase to the Lair.
  8554 | D:8      | Killed a two-headed ogre
  8861 | D:8      | Found a sacrificial altar of Ru.
  8953 | D:8      | Reached skill level 5 in Dodging
  9084 | D:8      | Reached XP level 10. HP: 73/73 MP: 14/22
  9293 | D:9      | Noticed Joseph
  9300 | D:9      | Killed Joseph
  9300 | D:9      | Reached skill level 10 in Conjurations
  9563 | D:9      | Found Hauloeji's Armour Boutique.
  9571 | D:9      | Bought a scarf of resistance for 384 gold pieces
 10094 | D:9      | Noticed a two-headed ogre
 10098 | D:9      | Killed a two-headed ogre
 10526 | D:9      | Found an iron altar of Okawaru.
 11050 | D:9      | Found a deep blue altar of Sif Muna.
 11055 | D:9      | Became a worshipper of Sif Muna the Loreminder
 11073 | D:9      | Identified Sif Muna's Compendium of the Oath
 11116 | D:10     | Entered Level 10 of the Dungeon
 11117 | D:10     | Noticed Fannar
 11187 | D:9      | HP: 2/73 [Fannar/Ozocubu's Refrigeration (8)]
 11190 | D:9      | Killed Fannar
 11190 | D:9      | Reached skill level 11 in Conjurations
 11564 | D:10     | Reached * piety under Sif Muna
 11564 | D:10     | Reached skill level 10 in Spellcasting
 11564 | D:10     | Reached skill level 5 in Earth Magic
 11564 | D:10     | Reached XP level 11. HP: 79/79 MP: 25/25
 11615 | D:10     | Noticed SirMumm's ghost (journeyman GrWz)
 11624 | D:10     | Killed SirMumm's ghost
 11624 | D:10     | Reached ** piety under Sif Muna
 12164 | D:10     | Found Zovuyhen's Book Shop.
 12174 | D:10     | Reached skill level 12 in Conjurations
 12398 | D:10     | Reached XP level 12. HP: 77/88 MP: 2/26
 12537 | D:10     | Noticed Psyche
 12541 | D:10     | Killed Psyche
 14155 | D:11     | Noticed a two-headed ogre
 14160 | D:11     | Killed a two-headed ogre
 14204 | D:11     | Reached *** piety under Sif Muna
 14404 | D:11     | Found a staircase to the Orcish Mines.
 14524 | D:11     | Noticed a three-headed hydra
 14530 | D:11     | Killed a three-headed hydra
 14660 | D:12     | Reached skill level 5 in Invocations
 14863 | D:12     | Found a burning altar of Makhleb.
 14866 | D:12     | Found a runed door.
 14866 | D:12     | Noticed a centaur warrior
 14866 | D:12     | Noticed a tengu warrior
 14866 | D:12     | Noticed Nessos
 15188 | Orc:1    | Entered Level 1 of the Orcish Mines
 15493 | Orc:2    | Entered Level 2 of the Orcish Mines
 15794 | Orc:2    | Reached skill level 13 in Conjurations
 16652 | Orc:2    | Found a bloodstained altar of Trog.
 17205 | Orc:2    | Noticed an orc warlord
 17509 | D:12     | Reached **** piety under Sif Muna
 18082 | D:11     | Reached XP level 13. HP: 36/94 MP: 0/29
 18833 | D:12     | Noticed a sphinx
 18834 | D:12     | Found a runed door.
 18834 | D:12     | Found a runed door.
 19096 | D:12     | Noticed Snorg
 19101 | D:12     | Noticed Frances
 19104 | D:12     | Killed Snorg
 19108 | D:12     | HP: 3/94 [Frances/iron shot (52)]
 19131 | D:12     | HP: 2/94 [wraith (6)]
 19638 | D:12     | Reached skill level 14 in Conjurations
 19841 | D:12     | HP: 3/95 [poisoned by Nessos]
 19843 | D:12     | Succumbed to Nessos's poison

Skill      XL: |  1  2  3  4  5  6  7  8  9 10 11 12 13 |
---------------+----------------------------------------+-----
Conjurations   | 5 6 7 8 9 11 12 13 14 | 14.0
Stealth        | 2 3 4 |  4.4
Dodging        | 2 3 5 6 |  6.8
Spellcasting   | 3 4 5 6 8 10 12 | 12.5
Fighting       | 1 2 3 |  3.4
Staves         | 1 2 3 |  3.0
Earth Magic    | 5 |  5.0
Invocations    | 4 5 6 |  6.1
Evocations     | |  0.2

Action                   |  1- 3 |  4- 6 |  7- 9 | 10-12 | 13-15 || total
-------------------------+-------+-------+-------+-------+-------++-------
Melee: Unarmed           |     6 |    17 |       |       |       ||    23
       Tailslap          |     1 |     5 |     2 |    10 |     6 ||    24
       Staff             |       |    15 |    12 |    89 |    37 ||   153
 Cast: Magic Dart        |    85 |   155 |   297 |   336 |    31 ||   904
       Iskenderun's Myst |       |    15 |    50 |   302 |    75 ||   442
Invok: Divine Energy     |       |       |       |     1 |       ||     1
       Stop Divine Energ |       |       |       |       |     1 ||     1
Evoke: Wand              |       |       |       |     2 |       ||     2
  Use: Potion            |       |     2 |       |    13 |     9 ||    24
       Scroll            |       |       |     7 |     9 |     2 ||    18
  Eat: Chunk             |     3 |     9 |    17 |    30 |     3 ||    62
       Fruit             |       |       |     2 |     1 |     1 ||     4
       Bread ration      |       |       |     1 |     1 |       ||     2
Armor: Skin              |     1 |    28 |    57 |   157 |    28 ||   271
Dodge: Dodged            |    19 |    58 |   115 |   217 |    62 ||   471
